 Dungeon Crawl Stone Soup version 0.29.1-1-gd02db6906a (webtiles) character file.

Game seed: 7375462874695073644

34 xian the Trooper (level 3, -1/29 HPs)
             Began as a Demonspawn Abyssal Knight on Sept 26, 2022.
             Was a Priest of Lugonu.
             Succumbed to a goblin's poison
             ... on level 2 of the Dungeon.
             The game lasted 00:03:08 (1783 turns).

xian the Trooper (Demonspawn Abyssal Knight)        Turns: 1783, Time: 00:03:09

Health: -1/29      AC:  3    Str: 15    XL:     3   Next: 14%
Magic:  5/5        EV: 11    Int: 11    God:    Lugonu [***...]
Gold:   22         SH:  0    Dex: 13    Spells: 1/2 levels left

rFire   . . .      SeeInvis .   a - +1 hand axe
rCold   . . .      Faith    .   (no shield)
rNeg    . . .      Spirit   .   b - +0 leather armour
rPois   .          Reflect  .   (helmet restricted)
rElec   .          Harm     .   (no cloak)
rCorr   .          Rampage  .   (no gloves)
Will    +....                   (no boots)
Stlth   +.........              (no amulet)
HPRegen 0.09/turn               l - ring of willpower
MPRegen 0.09/turn               (no ring)

@: lethally poisoned (-1 -> -26)
A: antennae 1, demonic magic 1
a: Renounce Religion, Depart the Abyss, Bend Space, Banish


You were on level 2 of the Dungeon.
You worshipped Lugonu.
Lugonu was most pleased with you.
You visited 1 branch of the dungeon, and saw 2 of its levels.
You visited the Abyss 1 time.

You collected 22 gold pieces.

Inventory:

Hand Weapons
 a - a +1 hand axe (weapon)
Armour
 b - a +0 leather armour (worn)
Jewellery
 l - a ring of willpower (left hand)
Scrolls
 d - a scroll of identify {unknown}
 e - a scroll of poison {unknown}
 f - 2 scrolls of brand weapon {unknown}
 h - a scroll of enchant armour {unknown}
 j - a scroll of amnesia {unknown}
 k - a scroll of enchant weapon {unknown}
 m - 3 scrolls of blinking {unknown}
Potions
 c - 2 potions of heal wounds {unknown}
 g - a potion of curing {unknown}
 i - 2 potions of attraction {unknown}


   Skills:
 + Level 3.4 Fighting
 + Level 2.2 Axes
 + Level 2.2 Armour
 + Level 1.1 Dodging
 * Level 2.9 Invocations


You had one spell level left.
You knew the following spells:

 Your Spells              Type           Power      Damage    Failure   Level
a - Summon Small Mammal   Summ           0%         N/A       41%         1

Your spell library contained the following spells:

 Spells                   Type           Power      Damage    Failure   Level
 Magic Dart               Conj           0%         1d3       41%         1
 Call Imp                 Summ           0%         N/A       54%         2
 Call Canine Familiar     Summ           0%         N/A       78%         3
 Mephitic Cloud           Conj/Pois/Air  0%         N/A       78%         3
 Summon Guardian Golem    Hex/Summ       0%         N/A       78%         3


Dungeon Overview and Level Annotations

Branches:
Dungeon (2/15)

Altars:


Innate Abilities, Weirdness & Mutations

You have a pair of small antennae on your head.
Spells you cast may paralyse adjacent enemies.


Message History

The bat barely misses you.
You hit the bat.
The bat is severely wounded.
The bat closely misses you. The bat hits you but does no damage.
The bat hits you. The bat hits you but does no damage.
You hit the bat.
You kill the bat!
Lugonu accepts your kill.
A kobold comes into view. It is wielding a +0 dagger.
The kobold shouts!
You hear a shout!
A kobold comes into view. It is wielding a +0 short sword.
A goblin comes into view. It is wielding a +0 dagger of venom.
The kobold attacks as you move away! The kobold hits you but does no damage.
You hit the kobold.
You kill the kobold!
Lugonu accepts your kill. The goblin hits you but does no damage.
You are poisoned.
You see here a +0 dagger.
You closely miss the goblin.
You feel very sick. The goblin hits you but does no damage.
You are more poisoned.
The goblin closely misses you.
You closely miss the goblin.
You feel very sick. The goblin hits you but does no damage.
You are lethally poisoned!
You barely miss the goblin.
You feel very sick. The goblin hits you but does no damage.
You are more poisoned.
You hit the goblin.
The goblin is severely wounded.
* * * LOW HITPOINT WARNING * * *
You feel extremely sick. The goblin barely misses you.
You closely miss the goblin.
The goblin is severely wounded.
You die...

.. #.# # ###. #.# ### #
#.#.#. #.# ##.##.#
##.....###.######...#.##
.......................+
##...#.########....#.##
## #.# #.#(...## #.#
#.).#### #@# ##.## # #g#
#.# ..# ###.# #.#
....##...# #)######
8........# #.....).
....8....# #.......###
8........# #.#####.# #
....##.#.# # #....
..###....# #..##


You could see a goblin.

Vanquished Creatures
  A worm (D:2)
  4 ball pythons
  4 bats
  An endoplasm (D:1)
  2 giant cockroaches (D:2)
  3 goblins
  3 hobgoblins (D:1)
  A quokka (D:1)
  A frilled lizard (D:1)
  8 kobolds
  2 rats
30 creatures vanquished.

Notes
Turn   | Place    | Note
-------+----------+-------------------------------------------
     0 | Abyss:1  | xian the Demonspawn Abyssal Knight began the quest for the
                  | Orb.
     0 | Abyss:1  | Reached XP level 1. HP: 18/18 MP: 2/2
     1 | D:1      | Escaped the Abyss
   243 | D:1      | Gained mutation: You have a pair of small antennae on your
                  | head. [demonic ancestry]
   243 | D:1      | Reached XP level 2. HP: 18/24 MP: 4/4
  1353 | D:2      | Reached skill level 1 in Dodging
  1539 | D:2      | Gained mutation: Spells you cast may paralyse adjacent
                  | enemies. [demonic ancestry]
  1539 | D:2      | Reached XP level 3. HP: 20/29 MP: 5/5
  1670 | D:2      | Reached *** piety under Lugonu
  1699 | D:2      | Learned a level 1 spell: Summon Small Mammal
  1783 | D:2      | Succumbed to a goblin's poison

Illustrated notes

Levels and vault maps discovered:
D:1:      roderic_crossed_star, layout_basic
D:2:      layout_loops_corners, hellmonk_ecumenical_altar_prayer_group

Skill      XL: |  1  2 |
---------------+-------+-----
Armour         | 2 |  2.2
Axes           | 2 |  2.2
Dodging        | 1 |  1.1
Fighting       | |  3.4
Invocations    | |  2.9

Action                   || total
-------------------------++-------
Melee: Hand axe          ||    94
Armor: Leather armour    ||    43
Dodge: Dodged            ||    57
